 Dungeon Crawl Stone Soup version 0.29.1-2-gbd0b4ee654 (webtiles) character file.

Game seed: 17098867578098239969

37 xSliceyx the Trooper (level 3, -1/29 HPs)
             Began as a Formicid Abyssal Knight on Nov 25, 2022.
             Was a Believer of Lugonu.
             Slain by a rat (3 damage)
             ... on level 2 of the Dungeon.
             The game lasted 00:04:20 (1469 turns).

xSliceyx the Trooper (Formicid Abyssal Knight)      Turns: 1469, Time: 00:04:21

Health: -1/29      AC:  4    Str: 19    XL:     3   Next: 60%
Magic:  5/5        EV: 11    Int:  9    God:    Lugonu [**....]
Gold:   64         SH:  0    Dex: 14    Spells: 2/2 levels left

rFire   . . .      SeeInvis +   a - +1 spear
rCold   . . .      Faith    .   (no shield)
rNeg    . . .      Spirit   .   b - +0 leather armour
rPois   .          Reflect  .   (helmet unavailable)
rElec   .          Harm     .   e - +0 cloak
rCorr   .          Rampage  .   (no gloves)
Will    .....                   (no boots)
Stlth   +.........              (no amulet)
HPRegen 0.09/turn               (no ring)
MPRegen 0.09/turn               (no ring)

@: no status effects
A: permanent stasis, dig shafts and tunnels, antennae 3, four strong arms
a: Dig, Shaft Self, Renounce Religion, Depart the Abyss, Bend Space


You were on level 2 of the Dungeon.
You worshipped Lugonu.
Lugonu was pleased with you.
You visited 1 branch of the dungeon, and saw 2 of its levels.
You visited the Abyss 1 time.

You collected 64 gold pieces.

Inventory:

Hand Weapons
 a - a +1 spear (weapon)
 i - a +0 sling
Armour
 b - a +0 leather armour (worn)
 e - a +0 cloak (worn)
Scrolls
 f - a scroll of identify {unknown}
Potions
 c - a potion of resistance {unknown}
 d - a potion of berserk rage {unknown}
 g - 2 potions of attraction {unknown}
 h - a potion of curing {unknown}


   Skills:
 + Level 3.6 Fighting
 - Level 2.3 Polearms
 + Level 2.6 Armour
 + Level 1.4 Dodging
 + Level 2.7 Invocations


You had 2 spell levels left.
You didn't know any spells.
Your spell library contained the following spells:

 Spells                   Type           Power      Damage    Failure   Level
 Summon Guardian Golem    Hex/Summ       0%         N/A       82%         3
 Orb of Destruction       Conj           0%         9d5       100%        7
 Spellforged Servitor     Conj/Summ      0%         N/A       100%        7


Dungeon Overview and Level Annotations

Branches:
Dungeon (2/15)

Altars:

Annotations:
D:2 Sigmund


Innate Abilities, Weirdness & Mutations

You cannot be hasted, slowed, berserked, paralysed or teleported.
You can dig through walls and to a lower floor.
You have a pair of large antennae on your head. (SInv)
Your four strong arms can wield two-handed weapons with a shield.


Message History

An orc wizard comes into view. It is wielding a +0 dagger.
There are monsters nearby!
An orc and an orc priest come into view.
Found 10 gold pieces.
The orc priest shouts!
The orc wizard shouts!
The orc priest shouts!
The orc shouts!
A kobold comes into view. It is wielding a +0 dagger.
Sigmund the Dreaded comes into view.
He is wielding a +0 scythe.
The kobold shouts!
Sigmund points at you and mumbles some strange words.
The puff of flame hits you!
Okay, then.
Space bends violently around you!
You blink.
Okay, then.
Found ice dragon scales.
Sigmund casts a spell at you.
You are confused.
A rat comes into view.
Sigmund gestures at you while chanting.
You are more confused.
The rat moves out of view.
You bump into the rock wall.
Sigmund gestures at you while chanting. The puff of flame hits you!
Sigmund gestures at you while chanting. You resist with some effort.
You bump into the rock wall.
The rat bites you.
* * * LOW HITPOINT WARNING * * *
Sigmund looks at you with fury. Sigmund casts a spell at you.
The magic dart hits you.
* * * LOW HITPOINT WARNING * * *
You're too confused to move!
The rat misses you. The rat completely misses you.
The kobold throws a stone.
The stone hits you but does no damage.
You're too confused to move!
The rat bites you.
* * * LOW HITPOINT WARNING * * *
You feel less confused. The rat bites you.
You die...

#........##.......#
#........##..##...#
.........##.... ..#
#.......@###K# .#
#............# ..
#........##### #
#.......K######..
#....#..r.......#
...##.##@######.#
.. #.[ #..# { .
#..{#..# #.# #..#
#.## ..# ###


You could see Sigmund, a kobold and a rat.

Vanquished Creatures
  A worm (D:2)
  A dart slug (D:1)
  2 bats (D:1)
  3 endoplasms (D:1)
  A giant cockroach (D:1)
  3 hobgoblins (D:1)
  3 quokkas (D:1)
  A ball python (D:1)
  2 frilled lizards (D:1)
  7 goblins (D:1)
  2 kobolds (D:1)
  2 rats
28 creatures vanquished.

Notes
Turn   | Place    | Note
-------+----------+-------------------------------------------
     0 | Abyss:1  | xSliceyx the Formicid Abyssal Knight began the quest for
                  | the Orb.
     0 | Abyss:1  | Reached XP level 1. HP: 18/18 MP: 2/2
    25 | Abyss:1  | Noticed a raiju
    29 | D:1      | Escaped the Abyss
   311 | D:1      | Reached skill level 1 in Dodging
   372 | D:1      | Reached XP level 2. HP: 16/24 MP: 3/3
   574 | D:1      | Reached ** piety under Lugonu
   667 | D:1      | Reached XP level 3. HP: 29/29 MP: 4/4
  1137 | D:1      | Noticed a golden eye
  1141 | D:1      | Noticed a shining eye
  1143 | D:1      | Found a faded altar of an unknown god.
  1145 | D:1      | Noticed a shining eye
  1145 | D:1      | Noticed a shining eye
  1449 | D:2      | Noticed Sigmund
  1469 | D:2      | Slain by a rat

Illustrated notes

Levels and vault maps discovered:
D:1:      dpeg_arrival_pond, layout_loops_cross,
          hellmonk_ecumenical_altar_watching_god
D:2:      cheibrodos_pilgrimage, layout_basic, eino_curves_04, minmay_distorted,
          uniq_sigmund

Skill      XL: |  1 |
---------------+----+-----
Dodging        | 1 |  1.4
Fighting       | |  3.6
Polearms       | |  2.3
Armour         | |  2.6
Invocations    | |  2.7

Action                   || total
-------------------------++-------
Melee: Spear             ||    81
Invok: Depart the Abyss  ||     1
       Bend Space        ||     1
 Stab: Sleeping          ||     1
Armor: Leather armour    ||    14
Dodge: Dodged            ||    30
